 Dungeon Crawl Stone Soup version 0.29.0-11-gd7f09526c8 (webtiles) character file.

Game seed: 14883391129672633473

284 NinjaNoafa the Vexing (level 6, -1/47 HPs)
             Began as a Gnoll Arcane Marksman on Sept 5, 2022.
             Splashed by a jelly's acid (6 damage)
             ... on level 4 of the Dungeon.
             The game lasted 00:08:56 (3661 turns).

NinjaNoafa the Vexing (Gnoll Arcane Marksman)       Turns: 3661, Time: 00:08:57

Health: -1/47      AC: -9    Str: 15    XL:     6   Next: 29%
Magic:  0/11       EV: 13    Int: 14    God:
Gold:   180        SH:  0    Dex: 13    Spells: 10/11 levels left

rFire   . . .      SeeInvis .   a - +1 sling
rCold   . . .      Faith    .   (no shield)
rNeg    . . .      Spirit   +   c - +0 robe
rPois   .          Reflect  .   (no helmet)
rElec   .          Harm     .   (no cloak)
rCorr   .          Rampage  .   (no gloves)
Will    +....                   (no boots)
Stlth   ++........              f - amulet of guardian spirit
HPRegen 0.15/turn               p - +6 ring of strength
MPRegen 0.12/turn               t - ring of willpower

@: corroded
A: fangs 1, strong nose, distributed training
a: no special abilities


You were on level 4 of the Dungeon.
You visited 1 branch of the dungeon, and saw 4 of its levels.

You collected 180 gold pieces.

Inventory:

Hand Weapons
 a - a +1 sling (weapon)
Missiles
 e - 7 poisoned darts
 g - 38 stones
 v - 3 boomerangs
Armour
 c - a +0 robe (worn)
Jewellery
 f - an amulet of guardian spirit (around neck)
 h - an amulet of faith
 p - a +6 ring of strength (left hand)
 t - a ring of willpower (right hand)
Scrolls
 b - a scroll of poison
 i - a scroll of amnesia
 o - 2 scrolls of summoning
 q - a scroll of silence
Potions
 j - a potion of flight
 m - 2 potions of attraction
 r - a potion of magic {unknown}
 s - 2 potions of berserk rage {unknown}
 w - a potion of brilliance {unknown}


   Skills:
 + Level 3.2 Fighting
 + Level 2.0 Short Blades
 + Level 2.0 Long Blades
 + Level 2.0 Axes
 + Level 2.0 Maces & Flails
 + Level 2.0 Polearms
 + Level 2.0 Staves
 + Level 5.0 Ranged Weapons
 + Level 2.0 Throwing
 + Level 2.0 Armour
 + Level 5.0 Dodging
 + Level 2.0 Stealth
 + Level 2.0 Shields
 + Level 2.0 Unarmed Combat
 + Level 3.4 Spellcasting
 + Level 1.5 Conjurations
 + Level 5.6 Hexes
 + Level 1.5 Summonings
 + Level 1.5 Necromancy
 + Level 1.5 Translocations
 + Level 1.5 Transmutations
 + Level 1.5 Fire Magic
 + Level 1.5 Ice Magic
 + Level 1.5 Air Magic
 + Level 1.5 Earth Magic
 + Level 1.5 Poison Magic
 + Level 2.2 Invocations
 + Level 2.0 Evocations


You had 10 spell levels left.
You knew the following spells:

 Your Spells              Type           Power      Damage    Failure   Level
a - Slow                  Hex            72%        N/A       1%          1

Your spell library contained the following spells:

 Spells                   Type           Power      Damage    Failure   Level
 Inner Flame              Hex/Fire       12%        N/A       14%         3
 Portal Projectile        Hex/Tloc       24%        N/A       14%         3
 Cause Fear               Hex            9%         N/A       21%         4


Dungeon Overview and Level Annotations

Branches:
Dungeon (4/15)
 Temple: D:4-7

Altars:
Elyvilon
Fedhas
Makhleb


Innate Abilities, Weirdness & Mutations

You have very sharp teeth.
Your uncanny sense of smell can sniff out nearby items.
Your experience applies equally to all skills.


Message History

The jelly is almost dead.
The jelly hits you. The acid corrodes you!
You are splashed with acid!
The jelly attacks as you move away! The jelly hits you. The acid corrodes you!
You are splashed with acid!
* * * LOW HITPOINT WARNING * * *
Casting: Slow (safe; 1% risk of failure)
Confirm with . or Enter, or press ? or * to list all spells.
Aiming: Slow (safe; 1% risk of failure)
Press: ? - help, Shift-Dir - straight line, f/p - jelly
Aim: a jelly (almost dead, chance to affect: 67%)
The jelly seems to slow down.
The jelly hits you.
* * * LOW HITPOINT WARNING * * *
You are splashed with acid!
* * * LOW HITPOINT WARNING * * *
Okay, then.
You see here a +0 arbalest.
Fire: a) +1 sling
Press: ? - help, Q - select action, (/) - cycle Shift-Dir - straight line, f/p - jelly
Aim: a jelly (severely wounded, slow, 89% to hit)
You shoot a sling bullet. The sling bullet hits the jelly.
The jelly is almost dead.
Fire: a) +1 sling
Press: ? - help, Q - select action, (/) - cycle Shift-Dir - straight line, f/p - jelly
Aim: a jelly (almost dead, slow, 89% to hit)
You shoot a sling bullet.
The sling bullet hits the jelly but does no damage.
The jelly is almost dead.
You hear a howl!
A howler monkey comes into view.
The howler monkey howls!
Fire: a) +1 sling
Press: ? - help, Q - select action, (/) - cycle Shift-Dir - straight line, f/p - jelly
Aim: a jelly (almost dead, slow, 89% to hit)
You shoot a sling bullet.
The sling bullet hits the jelly but does no damage.
The jelly is almost dead.
The jelly hits you.
* * * LOW HITPOINT WARNING * * *
The acid corrodes you!
You are splashed with acid!
You die...

## ∆..
####.####
#.....@.#
#.##.##J#
.h #.#
..# #.#
## #.#
#.# #)#
#.## #..#


You could see a howler monkey and a jelly (slow).

Vanquished Creatures
  Menkaure (D:4)
  2 adders
  7 gnolls (D:2)
  A worm (D:2)
  4 dart slugs
  5 orcs (D:4)
  6 endoplasms
  A giant cockroach (D:2)
  6 goblins
  6 hobgoblins
  4 jackals (D:1)
  3 quokkas
  4 ball pythons
  2 bats
  2 frilled lizards (D:2)
  5 kobolds
  4 rats
63 creatures vanquished.

Notes
Turn   | Place    | Note
-------+----------+-------------------------------------------
     0 | D:1      | NinjaNoafa the Gnoll Arcane Marksman began the quest for
                  | the Orb.
     0 | D:1      | Reached XP level 1. HP: 17/17 MP: 4/4
   206 | D:1      | Reached XP level 2. HP: 23/23 MP: 5/5
   760 | D:1      | Reached XP level 3. HP: 28/28 MP: 7/7
  1186 | D:2      | Reached skill level 1 in Invocations
  1213 | D:2      | Reached skill level 1 in Short Blades
  1213 | D:2      | Reached skill level 1 in Long Blades
  1213 | D:2      | Reached skill level 1 in Axes
  1213 | D:2      | Reached skill level 1 in Maces & Flails
  1213 | D:2      | Reached skill level 1 in Polearms
  1213 | D:2      | Reached skill level 1 in Staves
  1213 | D:2      | Reached skill level 1 in Throwing
  1213 | D:2      | Reached skill level 1 in Armour
  1213 | D:2      | Reached skill level 1 in Stealth
  1213 | D:2      | Reached skill level 1 in Shields
  1213 | D:2      | Reached skill level 1 in Unarmed Combat
  1213 | D:2      | Reached skill level 1 in Evocations
  1524 | D:2      | Reached XP level 4. HP: 34/34 MP: 5/8
  1556 | D:2      | Reached skill level 1 in Conjurations
  1556 | D:2      | Reached skill level 1 in Summonings
  1556 | D:2      | Reached skill level 1 in Necromancy
  1556 | D:2      | Reached skill level 1 in Translocations
  1556 | D:2      | Reached skill level 1 in Transmutations
  1556 | D:2      | Reached skill level 1 in Fire Magic
  1556 | D:2      | Reached skill level 1 in Ice Magic
  1556 | D:2      | Reached skill level 1 in Air Magic
  1556 | D:2      | Reached skill level 1 in Earth Magic
  1556 | D:2      | Reached skill level 1 in Poison Magic
  1959 | D:2      | Reached XP level 5. HP: 31/40 MP: 5/9
  2936 | D:3      | Found a blossoming altar of Fedhas.
  2937 | D:3      | Found a white marble altar of Elyvilon.
  3193 | D:3      | Found a burning altar of Makhleb.
  3358 | D:4      | Noticed Menkaure
  3392 | D:4      | Killed Menkaure
  3393 | D:4      | Reached skill level 5 in Ranged Weapons
  3393 | D:4      | Reached skill level 5 in Dodging
  3393 | D:4      | Reached XP level 6. HP: 47/47 MP: 3/11
  3661 | D:4      | Splashed by a jelly's acid

Illustrated notes

Levels and vault maps discovered:
D:1:      reono_arrival_mine, layout_basic, serial_corexii_hall,
          corexii_hall_statues_i, corexii_hall_statues_t
D:2:      layout_basic, serial_bayou_pond_a, minmay_tetromino_t2
D:3:      layout_rooms, chequers_temple_overflow_statue_of_worship,
          nicolae_overflow_hidden_temple, grunt_decor_one_mirror,
          wad_floor_pattern_untrapped, grunt_ministairs_15, kennysheep_path_1
D:4:      layout_loops_cross, uniq_menkaure, uniq_ijyb, uniq_robin

Skill      XL: |  1  2  3  4  5 |
---------------+----------------+-----
Invocations    | 1 2 |  2.2
Short Blades   | 1 2 |  2.0
Long Blades    | 1 2 |  2.0
Axes           | 1 2 |  2.0
Maces & Flails | 1 2 |  2.0
Polearms       | 1 2 |  2.0
Staves         | 1 2 |  2.0
Throwing       | 1 2 |  2.0
Armour         | 1 2 |  2.0
Stealth        | 1 2 |  2.0
Shields        | 1 2 |  2.0
Unarmed Combat | 1 2 |  2.0
Evocations     | 1 2 |  2.0
Spellcasting   | 3 |  3.4
Conjurations   | 1 |  1.5
Summonings     | 1 |  1.5
Necromancy     | 1 |  1.5
Translocations | 1 |  1.5
Transmutations | 1 |  1.5
Fire Magic     | 1 |  1.5
Ice Magic      | 1 |  1.5
Air Magic      | 1 |  1.5
Earth Magic    | 1 |  1.5
Poison Magic   | 1 |  1.5
Fighting       | 3 |  3.2
Ranged Weapons | 5 |  5.0
Dodging        | 5 |  5.0
Hexes          | |  5.6

Action                   |  1- 3 |  4- 6 || total
-------------------------+-------+-------++-------
Melee: Dagger            |       |    20 ||    20
 Fire: Sling             |   119 |   156 ||   275
 Cast: Slow              |     9 |    18 ||    27
  Use: Scroll            |     2 |     5 ||     7
       Potion            |       |     4 ||     4
Armor: Robe              |    12 |     3 ||    15
       Skin              |       |    10 ||    10
Dodge: Dodged            |    51 |    48 ||    99
